Ice Dragons vs Diables
Created - 20 mars 2017 at 19:26
Goals
|
| Ice Dragons |
0 |
0 |
2 |
2 |
| Diables |
0 |
2 |
1 |
3 |
|
Shots
|
| Ice Dragons |
6 |
5 |
20 |
31 |
| Diables |
8 |
11 |
11 |
30 |
|
1st period
No Goal
Penalties :
Joe Callahan (Kin) for Roughing (Minor) at 8:23, Samuel Groulx (Kin) for Cross-checking (Minor) at 14:01, Kyle Bigos (Kin) for Tripping (Minor) at 18:02
2nd period
1. Diables , Benn Ferriero 16 (Craig Smith) at 1:14
2. Diables , Ben Hanowski 10 (Taylor Beck, Lukas Krajicek) at 7:54
Penalties :
Lukas Krajicek (Alm) for Cross-checking (Minor) at 5:09, Craig Smith (Alm) for Interference (Minor) at 8:15, Bradley Malone (Kin) for Hooking (Minor) at 10:55, Logan MacMillan (Kin) for Holding (Minor) at 18:03
3rd period
3. Ice Dragons , Michael Latta 28 (Petr Vrana) at 2:26
4. Ice Dragons , Ryan Reaves 8 (Tyler Haskins, Jordan LaVallee) at 5:32
5. Diables , Kellan Lain 45 (Tomas Kubalik, Mark Fraser) at 13:26 (PP)
Penalties :
Troy Brouwer (Kin) for Cross-checking (Minor) at 7:53, Brian Gionta (Kin) for Holding (Minor) at 13:17, Craig Smith (Alm) for Roughing (Minor) at 19:37
Goalie Stats
Justin Pogge (Kin), 27 saves from 30 shots - (0,900), L, 24-22-4, 59:53 minutes
Marek Mazanek (Alm), 29 saves from 31 shots - (0,935), W, 11-6-0, 60:00 minutes
Players Stats for Ice Dragons
Player Name G A P +/- PIM S H SB GA TA FO MP PP MP PK MP
------------------------------------------------------------------------------------
Alexander Urbom 0 0 0 0 0 2 2 2 0 1 0/0 21:17 1:27 5:49
Bradley Malone 0 0 0 -1 2 0 0 0 0 0 0/2 4:51 0:00 0:00
Brandon Kozun 0 0 0 1 0 3 0 0 0 0 0/0 12:14 0:00 0:00
Brian Gionta 0 0 0 -1 2 2 0 0 0 0 1/3 18:07 2:30 3:01
Joe Callahan 0 0 0 0 2 0 0 4 1 1 0/0 28:29 2:53 5:22
Joey Hishon 0 0 0 0 0 0 0 0 0 0 0/0 3:47 0:00 0:21
Jordan LaVallee 0 1 1 1 0 1 2 1 0 1 0/0 18:55 1:50 4:55
Kevin Connauton 0 0 0 0 0 3 1 3 0 2 0/0 28:14 2:53 6:30
Kyle Bigos 0 0 0 0 2 0 1 0 0 0 0/0 11:27 0:00 1:47
Logan MacMillan 0 0 0 -1 2 0 1 0 1 0 0/0 4:48 0:00 0:00
Michael Latta 1 0 1 1 0 5 1 1 0 0 5/9 15:01 0:00 2:45
Patrick Davis 0 0 0 0 0 4 1 0 0 0 0/0 14:08 0:00 0:00
Patrick O'Sullivan 0 0 0 -2 0 2 1 0 0 3 17/37 25:01 2:30 6:28
Petr Vrana 0 1 1 1 0 6 0 0 0 0 0/0 13:37 0:00 0:55
Ryan Reaves 1 0 1 1 0 1 4 0 0 0 0/1 14:43 1:50 0:00
Samuel Groulx 0 0 0 0 2 0 0 1 0 0 0/0 16:42 1:27 4:38
Troy Brouwer 0 0 0 -1 2 2 2 1 3 1 0/0 21:29 2:30 5:41
Tyler Haskins 0 1 1 1 0 0 0 2 0 0 2/5 15:00 1:50 0:00
Players Stats for Diables
Player Name G A P +/- PIM S H SB GA TA FO MP PP MP PK MP
------------------------------------------------------------------------------------
Ben Hanowski 1 0 1 1 0 3 1 0 2 0 1/1 8:53 0:44 0:00
Benn Ferriero 1 0 1 -1 0 6 0 0 1 0 0/0 21:03 5:57 0:00
Brandon Prust 0 0 0 0 0 5 0 0 1 1 2/3 17:49 6:11 2:27
Brian Dumoulin 0 0 0 -1 0 0 0 1 0 0 0/0 12:14 0:00 1:02
Craig Smith 0 1 1 -1 4 4 1 0 1 0 17/32 21:40 5:57 0:33
Gabriel Landeskog 0 0 0 -1 0 0 3 1 0 0 0/1 17:16 0:30 1:37
J.T. Brown 0 0 0 0 0 3 0 0 1 0 0/0 9:53 0:44 0:00
Jamie Oleksiak 0 0 0 0 0 0 0 0 0 0 0/0 3:12 0:00 0:19
Kellan Lain 1 0 1 0 0 3 1 0 0 0 2/2 19:08 5:22 2:34
Kyle Chipchura 0 0 0 0 0 1 2 1 0 1 3/5 10:06 0:00 1:01
Lukas Krajicek 0 1 1 2 2 0 1 5 0 0 0/0 24:30 6:59 1:38
Mark Fraser 0 1 1 -1 0 1 1 1 0 0 0/0 20:57 5:04 1:40
Pavel Valentenko 0 0 0 -1 0 0 0 1 0 0 0/0 20:08 5:04 1:21
Petter Granberg 0 0 0 -1 0 1 1 0 0 0 0/0 11:12 0:00 0:00
Riley Sheahan 0 0 0 0 0 1 1 0 0 0 7/10 16:28 5:22 0:00
Taylor Beck 0 1 1 1 0 0 0 0 0 0 0/0 8:19 0:00 0:09
Tomas Kubalik 0 1 1 0 0 1 3 0 1 0 0/0 16:28 5:22 0:00
Tyler Cuma 0 0 0 2 0 0 2 5 2 1 0/0 27:51 6:59 2:40
Vladislav Namestnikov 0 0 0 1 0 1 1 1 0 2 0/3 8:30 0:00 0:19
3 Stars
1 - Ryan Reaves (Kin)
2 - Michael Latta (Kin)
3 - Ben Hanowski (Alm)
Power Play
Ice Dragons - 0 on 3 Attempt(s) - 0,00%
Diables - 1 on 7 Attempt(s) - 14,29%
Penalty Kill
Ice Dragons - 6 on 7 Attempt(s) - 85,71%
- Score 0 goal in Penalty Kill
Diables - 3 on 3 Attempt(s) - 100,00%
- Score 0 goal in Penalty Kill
Team Stat
Ice Dragons - Hits : 16 - Faceoff Wins : 25 - Blocked Shots : 15 - Penalty Minutes : 14
Diables - Hits : 18 - Faceoff Wins : 32 - Blocked Shots : 16 - Penalty Minutes : 6
Official
Referees : O'Halloran Dan and Leggo Mike
Linesman : Mark Wheler and David Brisebois
Game Notes
No Game Note
Finance
Level 1 -- Attendance: 1549 (77,45%) -- Ticket Income 54 215 $
Level 2 -- Attendance: 770 (77,00%) -- Ticket Income 11 550 $
Total Attendance: 2319 (77,30%)
Total Ticket Income: 65 765 $
Other Income: 3 288 $
Total Income: 69 053 $
Ice Dragons
5 vs 5 Forward
Center Left Wing Right Wing Time % Phy DF OF
1 Patrick O'Sullivan Troy Brouwer Brian Gionta 40 2 2 1
2 Tyler Haskins Jordan LaVallee Ryan Reaves 30 2 2 1
3 Michael Latta Petr Vrana Brandon Kozun 20 2 2 1
4 Bradley Malone Logan MacMillan Patrick O'Sullivan 10 2 2 1
5 vs 5 Defense
Defense Defense Time % Phy DF OF
1 Joe Callahan Kevin Connauton 40 2 2 1
2 Patrick Davis Alexander Urbom 30 2 2 1
3 Samuel Groulx Kyle Bigos 20 2 2 1
4 Samuel Groulx Joe Callahan 10 2 2 1
PowerPlay Forward
Center Left Wing Right Wing Time % Phy DF OF
1 Patrick O'Sullivan Troy Brouwer Brian Gionta 60 1 1 3
2 Tyler Haskins Jordan LaVallee Ryan Reaves 40 1 1 3
PowerPlay Defense
Defense Defense Time % Phy DF OF
1 Joe Callahan Kevin Connauton 60 2 1 2
2 Samuel Groulx Alexander Urbom 40 2 1 2
Penalty Kill 4 Players Forward
Center Wing Time % Phy DF OF
1 Patrick O'Sullivan Troy Brouwer 60 2 3 0
2 Jordan LaVallee Brian Gionta 40 2 3 0
Penalty Kill 4 Players Defense
Defense Defense Time % Phy DF OF
1 Joe Callahan Kevin Connauton 60 2 3 0
2 Samuel Groulx Alexander Urbom 40 2 3 0
Penalty Kill - 3 Players Forward
Forward Time % Phy DF OF
1 Patrick O'Sullivan 60 1 4 0
2 Troy Brouwer 40 1 4 0
Penalty Kill - 3 Players Defense
Defense Defense Time % Phy DF OF
1 Joe Callahan Kevin Connauton 60 1 4 0
2 Samuel Groulx Alexander Urbom 40 1 4 0
4 vs 4 Forward
Center Wing Time % Phy DF OF
1 Patrick O'Sullivan Troy Brouwer 60 2 2 1
2 Jordan LaVallee Brian Gionta 40 2 2 1
4 vs 4 Defense
Defense Defense Time % Phy DF OF
1 Joe Callahan Kevin Connauton 60 2 2 1
2 Samuel Groulx Alexander Urbom 40 2 2 1
Last Minutes Offensive
Center Left Wing Right Wing Defense Defense
Patrick O'Sullivan Troy Brouwer Brian Gionta Joe Callahan Kevin Connauton
Last Minutes Defensive
Center Left Wing Right Wing Defense Defense
Patrick O'Sullivan Troy Brouwer Brian Gionta Joe Callahan Kevin Connauton
Goaltenders
Starting : Justin Pogge
Backup : Anders Nilsson
Extra Forwards
Normal : Joey Hishon, Petr Vrana, Michael Latta - PP : Joey Hishon, Petr Vrana - PK : Michael Latta
Extra Defensemen
Normal : Samuel Groulx, Kyle Bigos, Kevin Connauton - PP : Samuel Groulx - PK : Kyle Bigos, Kevin Connauton
Penalty Shots
Patrick O'Sullivan, Troy Brouwer, Jordan LaVallee, Brian Gionta, Petr Vrana
Diables
5 vs 5 Forward
Center Left Wing Right Wing Time % Phy DF OF
1 Craig Smith Gabriel Landeskog Benn Ferriero 40 1 2 2
2 Riley Sheahan Kellan Lain Tomas Kubalik 30 1 2 2
3 Kyle Chipchura Brandon Prust J.T. Brown 20 1 2 2
4 Vladislav Namestnikov Taylor Beck Ben Hanowski 10 1 2 2
5 vs 5 Defense
Defense Defense Time % Phy DF OF
1 Tyler Cuma Lukas Krajicek 40 1 2 2
2 Mark Fraser Pavel Valentenko 30 1 2 2
3 Petter Granberg Brian Dumoulin 20 1 2 2
4 Jamie Oleksiak Tyler Cuma 10 1 2 2
PowerPlay Forward
Center Left Wing Right Wing Time % Phy DF OF
1 Craig Smith Brandon Prust Benn Ferriero 60 1 2 2
2 Riley Sheahan Kellan Lain Tomas Kubalik 40 1 2 2
PowerPlay Defense
Defense Defense Time % Phy DF OF
1 Tyler Cuma Lukas Krajicek 60 1 2 2
2 Mark Fraser Pavel Valentenko 40 1 2 2
Penalty Kill 4 Players Forward
Center Wing Time % Phy DF OF
1 Brandon Prust Kellan Lain 60 1 2 2
2 Gabriel Landeskog Craig Smith 40 1 2 2
Penalty Kill 4 Players Defense
Defense Defense Time % Phy DF OF
1 Tyler Cuma Lukas Krajicek 60 1 2 2
2 Mark Fraser Pavel Valentenko 40 1 2 2
Penalty Kill - 3 Players Forward
Forward Time % Phy DF OF
1 Brandon Prust 60 1 2 2
2 Kellan Lain 40 1 2 2
Penalty Kill - 3 Players Defense
Defense Defense Time % Phy DF OF
1 Tyler Cuma Lukas Krajicek 60 1 2 2
2 Mark Fraser Pavel Valentenko 40 1 2 2
4 vs 4 Forward
Center Wing Time % Phy DF OF
1 Brandon Prust Kellan Lain 60 1 2 2
2 Gabriel Landeskog Craig Smith 40 1 2 2
4 vs 4 Defense
Defense Defense Time % Phy DF OF
1 Tyler Cuma Lukas Krajicek 60 1 2 2
2 Mark Fraser Pavel Valentenko 40 1 2 2
Last Minutes Offensive
Center Left Wing Right Wing Defense Defense
Craig Smith Brandon Prust Benn Ferriero Tyler Cuma Lukas Krajicek
Last Minutes Defensive
Center Left Wing Right Wing Defense Defense
Craig Smith Brandon Prust Benn Ferriero Tyler Cuma Lukas Krajicek
Goaltenders
Starting : Marek Mazanek
Backup : Jean-Francois Berube
Extra Forwards
Normal : J.T. Brown, Ben Hanowski, Kyle Chipchura - PP : J.T. Brown, Ben Hanowski - PK : Kyle Chipchura
Extra Defensemen
Normal : Petter Granberg, Brian Dumoulin, Jamie Oleksiak - PP : Petter Granberg - PK : Brian Dumoulin, Jamie Oleksiak
Penalty Shots
Brandon Prust, Kellan Lain, Gabriel Landeskog, Craig Smith, Riley Sheahan
% Time on Ice - Ice Dragons
Lines # - Real PCT - Wanted PCT - Time Play
Normal Forward
1 - 30% - 40% - 12:43
2 - 32% - 30% - 13:51
3 - 28% - 20% - 11:55
4 - 11% - 10% - 4:32
Normal Defense
1 - 42% - 40% - 18:15
2 - 34% - 30% - 14:35
3 - 20% - 20% - 8:48
4 - 3% - 10% - 1:23
PP Forward
1 - 58% - 60% - 2:30
2 - 42% - 40% - 1:50
PP Defense
1 - 67% - 60% - 2:53
2 - 33% - 40% - 1:27
PK Forward
1 - 75% - 60% - 9:02
2 - 25% - 40% - 3:01
PK Defense
1 - 54% - 60% - 6:30
2 - 46% - 40% - 5:33
PK3 Forward
1 - 0% - 60%
2 - 0% - 40%
PK3 Defense
1 - 0% - 60%
2 - 0% - 40%
44 Forward
1 - 0% - 60%
2 - 0% - 40%
44 Defense
1 - 0% - 60%
2 - 0% - 40%
Last Minute Offensive - 0:36
Last Minute Defensive - 0:00
Total
Forward - 60:00
Defense - 60:00
|
% Time on Ice - Diables
Lines # - Real PCT - Wanted PCT - Time Play
Normal Forward
1 - 34% - 40% - 14:34
2 - 26% - 30% - 11:06
3 - 21% - 20% - 9:05
4 - 19% - 10% - 8:05
Normal Defense
1 - 38% - 40% - 16:08
2 - 31% - 30% - 13:07
3 - 26% - 20% - 11:12
4 - 6% - 10% - 2:23
PP Forward
1 - 55% - 60% - 6:41
2 - 45% - 40% - 5:22
PP Defense
1 - 58% - 60% - 6:59
2 - 42% - 40% - 5:04
PK Forward
1 - 78% - 60% - 3:23
2 - 22% - 40% - 0:57
PK Defense
1 - 69% - 60% - 2:59
2 - 31% - 40% - 1:21
PK3 Forward
1 - 0% - 60%
2 - 0% - 40%
PK3 Defense
1 - 0% - 60%
2 - 0% - 40%
44 Forward
1 - 0% - 60%
2 - 0% - 40%
44 Defense
1 - 0% - 60%
2 - 0% - 40%
Last Minute Offensive - 0:00
Last Minute Defensive - 0:47
Total
Forward - 60:00
Defense - 60:00
|
Play by Play
1st period
0:01 of 1st period - Patrick O'Sullivan wins face-off versus Gabriel Landeskog in neutral zone.
1:20 of 1st period - Snap shot by Ben Hanowski.
1:20 of 1st period - Stopped by Justin Pogge with a rebound.
1:30 of 1st period - Gabriel Landeskog is hit by Jordan LaVallee and loses puck.
1:56 of 1st period - Tomas Kubalik is hit by Patrick O'Sullivan and loses puck.
2:13 of 1st period - Petr Vrana is hit by Kyle Chipchura and loses puck.
2:32 of 1st period - Samuel Groulx is hit by Tyler Cuma and loses puck.
2:43 of 1st period - Snap shot by Ben Hanowski.
2:43 of 1st period - Shot Misses the Net.
4:32 of 1st period - J.T. Brown is hit by Kyle Bigos and loses puck.
4:58 of 1st period - Wrist shot by Benn Ferriero.
4:58 of 1st period - Stopped by Justin Pogge with a rebound.
5:00 of 1st period - Slapshot by Benn Ferriero.
5:00 of 1st period - Stopped by Justin Pogge with a rebound.
5:02 of 1st period - Snap shot by Craig Smith.
5:02 of 1st period - Shot Misses the Net.
5:04 of 1st period - Snap shot by Gabriel Landeskog.
5:04 of 1st period - Shot Misses the Net.
5:30 of 1st period - Snap shot by Petr Vrana.
5:30 of 1st period - Deflect By Mark Fraser.
5:30 of 1st period - Stopped by Marek Mazanek without a rebound.
5:31 of 1st period - Michael Latta wins face-off versus Vladislav Namestnikov in Diables zone.
6:17 of 1st period - Snap shot by Petr Vrana.
6:17 of 1st period - Shot Blocked by Tyler Cuma.
6:19 of 1st period - Wrist shot by Michael Latta.
6:19 of 1st period - Shot Misses the Net.
6:21 of 1st period - Slapshot by Samuel Groulx.
6:21 of 1st period - Shot Blocked by Vladislav Namestnikov.
6:25 of 1st period - Snap shot by Petr Vrana.
6:25 of 1st period - Stopped by Marek Mazanek with a rebound.
6:27 of 1st period - Snap shot by Michael Latta.
6:27 of 1st period - Deflect By Brandon Kozun.
6:27 of 1st period - Shot Blocked by Lukas Krajicek.
6:27 of 1st period - Puck is out of play.
6:28 of 1st period - Craig Smith wins face-off versus Patrick O'Sullivan in Diables zone.
6:55 of 1st period - Slapshot by J.T. Brown.
6:55 of 1st period - Stopped by Justin Pogge with a rebound.
6:57 of 1st period - Slapshot by Petter Granberg.
6:57 of 1st period - Stopped by Justin Pogge without a rebound.
6:58 of 1st period - Kyle Chipchura wins face-off versus Tyler Haskins in Ice Dragons zone.
8:03 of 1st period - Ryan Reaves is hit by Craig Smith and loses puck.
8:23 of 1st period - Minor Penalty to Joe Callahan for Roughing.
8:24 of 1st period - Patrick O'Sullivan wins face-off versus Craig Smith in Ice Dragons zone.
8:49 of 1st period - Patrick O'Sullivan is hit by Kellan Lain and loses puck.
10:23 of 1st period - Penalty to Joe Callahan is over, Joe Callahan is back on ice.
10:31 of 1st period - Snap shot by Tyler Haskins.
10:31 of 1st period - Shot Misses the Net.
10:33 of 1st period - Snap shot by Tyler Haskins.
10:33 of 1st period - Deflect By Ryan Reaves.
10:33 of 1st period - Deflect By Lukas Krajicek.
10:33 of 1st period - Shot Misses the Net.
10:33 of 1st period - Puck is out of play.
10:34 of 1st period - Tyler Haskins wins face-off versus Vladislav Namestnikov in Diables zone.
10:34 of 1st period - Tyler Haskins is hit by Petter Granberg.
10:46 of 1st period - Snap shot by Tyler Haskins.
10:46 of 1st period - Shot Misses the Net.
10:48 of 1st period - Backhand shot by Alexander Urbom.
10:48 of 1st period - Stopped by Marek Mazanek without a rebound.
10:49 of 1st period - Craig Smith wins face-off versus Patrick O'Sullivan in Diables zone.
11:29 of 1st period - Tomas Kubalik is hit by Kevin Connauton.
12:52 of 1st period - Lukas Krajicek is hit by Ryan Reaves and loses puck.
13:09 of 1st period - Wrist shot by Patrick O'Sullivan.
13:09 of 1st period - Stopped by Marek Mazanek without a rebound.
13:10 of 1st period - Craig Smith wins face-off versus Bradley Malone in Diables zone.
14:01 of 1st period - Minor Penalty to Samuel Groulx for Cross-checking.
14:02 of 1st period - Craig Smith wins face-off versus Patrick O'Sullivan in Ice Dragons zone.
14:36 of 1st period - Slapshot by Brian Gionta.
14:36 of 1st period - Shot Blocked by Lukas Krajicek.
14:38 of 1st period - Slapshot by Alexander Urbom.
14:38 of 1st period - Shot Blocked by Tyler Cuma.
14:40 of 1st period - Snap shot by Brian Gionta.
14:40 of 1st period - Shot Hit the Post.
14:42 of 1st period - Snap shot by Jordan LaVallee.
14:42 of 1st period - Deflect By Brian Gionta.
14:42 of 1st period - Stopped by Marek Mazanek with a rebound.
15:40 of 1st period - Icing by Tomas Kubalik.
15:41 of 1st period - Riley Sheahan wins face-off versus Michael Latta in Diables zone.
16:01 of 1st period - Penalty to Samuel Groulx is over, Samuel Groulx is back on ice.
16:24 of 1st period - Snap shot by Ben Hanowski.
16:24 of 1st period - Shot Blocked by Jordan LaVallee.
17:01 of 1st period - Wrist shot by Michael Latta.
17:01 of 1st period - Stopped by Marek Mazanek without a rebound.
17:02 of 1st period - Patrick O'Sullivan wins face-off versus Vladislav Namestnikov in Diables zone.
17:03 of 1st period - Wrist shot by Troy Brouwer.
17:03 of 1st period - Shot Misses the Net.
17:27 of 1st period - Snap shot by Benn Ferriero.
17:27 of 1st period - Shot Blocked by Michael Latta.
17:33 of 1st period - Craig Smith is hit by Alexander Urbom and loses puck.
17:44 of 1st period - Slapshot by Kellan Lain.
17:44 of 1st period - Stopped by Justin Pogge with a rebound.
18:02 of 1st period - Minor Penalty to Kyle Bigos for Tripping.
18:03 of 1st period - Craig Smith wins face-off versus Patrick O'Sullivan in Ice Dragons zone.
18:14 of 1st period - Slapshot by Craig Smith.
18:14 of 1st period - Stopped by Justin Pogge with a rebound.
18:16 of 1st period - Slapshot by Lukas Krajicek.
18:16 of 1st period - Deflect By Craig Smith.
18:16 of 1st period - Shot Hit the Post.
18:16 of 1st period - Puck is out of play.
18:17 of 1st period - Patrick O'Sullivan wins face-off versus Craig Smith in Ice Dragons zone.
18:48 of 1st period - Jordan LaVallee is hit by Tomas Kubalik and loses puck.
19:03 of 1st period - Craig Smith is hit by Troy Brouwer and loses puck.
19:15 of 1st period - Icing by Kellan Lain.
19:16 of 1st period - Riley Sheahan wins face-off versus Patrick O'Sullivan in Diables zone.
19:25 of 1st period - Wrist shot by Tomas Kubalik.
19:25 of 1st period - Stopped by Justin Pogge with a rebound.
Goals for this period are 0 for Ice Dragons vs 0 for Diables.
Shots for this period are 6 for Ice Dragons vs 8 for Diables.
2nd period
0:01 of 2nd period - Craig Smith wins face-off versus Patrick O'Sullivan in neutral zone.
0:02 of 2nd period - Penalty to Kyle Bigos is over, Kyle Bigos is back on ice.
1:04 of 2nd period - Wrist shot by Ben Hanowski.
1:04 of 2nd period - Shot Blocked by Kevin Connauton.
1:06 of 2nd period - Snap shot by Ben Hanowski.
1:06 of 2nd period - Stopped by Justin Pogge with a rebound.
1:08 of 2nd period - Wrist shot by Vladislav Namestnikov.
1:08 of 2nd period - Shot Misses the Net.
1:10 of 2nd period - Snap shot by Pavel Valentenko.
1:10 of 2nd period - Shot Blocked by Joe Callahan.
1:12 of 2nd period - Slapshot by Vladislav Namestnikov.
1:12 of 2nd period - Stopped by Justin Pogge without a rebound.
1:13 of 2nd period - Craig Smith wins face-off versus Patrick O'Sullivan in Ice Dragons zone.
1:14 of 2nd period - Wrist shot by Benn Ferriero.
1:14 of 2nd period - Goal by Benn Ferriero - Ice Dragons : 0 - Diables : 1.
1:15 of 2nd period - Craig Smith wins face-off versus Patrick O'Sullivan in neutral zone.
2:02 of 2nd period - Snap shot by Jordan LaVallee.
2:02 of 2nd period - Shot Misses the Net.
2:08 of 2nd period - Snap shot by J.T. Brown.
2:08 of 2nd period - Stopped by Justin Pogge without a rebound.
2:09 of 2nd period - Craig Smith wins face-off versus Michael Latta in Ice Dragons zone.
2:12 of 2nd period - Snap shot by Benn Ferriero.
2:12 of 2nd period - Stopped by Justin Pogge with a rebound.
3:05 of 2nd period - Wrist shot by Patrick O'Sullivan.
3:05 of 2nd period - Shot Misses the Net.
3:07 of 2nd period - Snap shot by Troy Brouwer.
3:07 of 2nd period - Shot Blocked by Kyle Chipchura.
3:53 of 2nd period - Icing by Bradley Malone.
3:54 of 2nd period - Ben Hanowski wins face-off versus Patrick O'Sullivan in Ice Dragons zone.
4:21 of 2nd period - Ryan Reaves is hit by Gabriel Landeskog and loses puck.
4:34 of 2nd period - Petter Granberg is hit by Patrick Davis and loses puck.
4:41 of 2nd period - Wrist shot by Petr Vrana.
4:41 of 2nd period - Deflect By Michael Latta.
4:41 of 2nd period - Shot Misses the Net.
4:41 of 2nd period - Puck is out of play.
4:42 of 2nd period - Patrick O'Sullivan wins face-off versus Craig Smith in Diables zone.
4:43 of 2nd period - Backhand shot by Troy Brouwer.
4:43 of 2nd period - Shot Misses the Net.
4:52 of 2nd period - Icing by Kevin Connauton.
4:53 of 2nd period - Patrick O'Sullivan wins face-off versus Craig Smith in Ice Dragons zone.
5:09 of 2nd period - Minor Penalty to Lukas Krajicek for Cross-checking.
5:10 of 2nd period - Brandon Prust wins face-off versus Patrick O'Sullivan in Diables zone.
5:26 of 2nd period - Wrist shot by Brian Gionta.
5:26 of 2nd period - Shot Blocked by Tyler Cuma.
6:02 of 2nd period - Mark Fraser is hit by Alexander Urbom and loses puck.
6:59 of 2nd period - Kellan Lain is hit by Ryan Reaves.
7:09 of 2nd period - Penalty to Lukas Krajicek is over, Lukas Krajicek is back on ice.
7:42 of 2nd period - Icing by Patrick O'Sullivan.
7:43 of 2nd period - Riley Sheahan wins face-off versus Bradley Malone in Ice Dragons zone.
7:54 of 2nd period - Snap shot by Ben Hanowski.
7:54 of 2nd period - Goal by Ben Hanowski - Ice Dragons : 0 - Diables : 2.
7:55 of 2nd period - Craig Smith wins face-off versus Brian Gionta in neutral zone.
8:02 of 2nd period - Wrist shot by Brian Gionta.
8:02 of 2nd period - Stopped by Marek Mazanek without a rebound.
8:03 of 2nd period - Craig Smith wins face-off versus Patrick O'Sullivan in Diables zone.
8:07 of 2nd period - Off-side.
8:08 of 2nd period - Craig Smith wins face-off versus Patrick O'Sullivan in neutral zone.
8:10 of 2nd period - Off-side.
8:11 of 2nd period - Patrick O'Sullivan wins face-off versus Craig Smith in neutral zone.
8:15 of 2nd period - Minor Penalty to Craig Smith for Interference.
8:16 of 2nd period - Patrick O'Sullivan wins face-off versus Brandon Prust in Diables zone.
8:24 of 2nd period - Snap shot by Brian Gionta.
8:24 of 2nd period - Shot Blocked by Tyler Cuma.
8:26 of 2nd period - Snap shot by Troy Brouwer.
8:26 of 2nd period - Shot Blocked by Lukas Krajicek.
8:28 of 2nd period - Slapshot by Kevin Connauton.
8:28 of 2nd period - Shot Misses the Net.
8:30 of 2nd period - Slapshot by Joe Callahan.
8:30 of 2nd period - Deflect By Troy Brouwer.
8:30 of 2nd period - Shot Blocked by Lukas Krajicek.
8:30 of 2nd period - Puck is out of play.
8:31 of 2nd period - Kellan Lain wins face-off versus Brian Gionta in Diables zone.
9:08 of 2nd period - Snap shot by Jordan LaVallee.
9:08 of 2nd period - Stopped by Marek Mazanek with a rebound.
10:15 of 2nd period - Penalty to Craig Smith is over, Craig Smith is back on ice.
10:55 of 2nd period - Minor Penalty to Bradley Malone for Hooking.
10:56 of 2nd period - Craig Smith wins face-off versus Patrick O'Sullivan in Ice Dragons zone.
11:09 of 2nd period - Slapshot by Benn Ferriero.
11:09 of 2nd period - Stopped by Justin Pogge with a rebound.
11:11 of 2nd period - Wrist shot by Benn Ferriero.
11:11 of 2nd period - Shot Misses the Net.
11:21 of 2nd period - Patrick O'Sullivan is hit by Lukas Krajicek and loses puck.
12:55 of 2nd period - Penalty to Bradley Malone is over, Bradley Malone is back on ice.
13:10 of 2nd period - Snap shot by Taylor Beck.
13:10 of 2nd period - Shot Misses the Net.
13:37 of 2nd period - Snap shot by Ryan Reaves.
13:37 of 2nd period - Shot Misses the Net.
14:20 of 2nd period - Wrist shot by Petr Vrana.
14:20 of 2nd period - Stopped by Marek Mazanek with a rebound.
14:22 of 2nd period - Wrist shot by Kevin Connauton.
14:22 of 2nd period - Shot Misses the Net.
14:24 of 2nd period - Wrist shot by Brandon Kozun.
14:24 of 2nd period - Shot Blocked by Mark Fraser.
14:30 of 2nd period - Snap shot by Petr Vrana.
14:30 of 2nd period - Stopped by Marek Mazanek with a rebound.
14:32 of 2nd period - Slapshot by Joe Callahan.
14:32 of 2nd period - Deflect By Brandon Kozun.
14:32 of 2nd period - Shot Misses the Net.
14:32 of 2nd period - Puck is out of play.
14:33 of 2nd period - Riley Sheahan wins face-off versus Ryan Reaves in Diables zone.
14:39 of 2nd period - Off-side.
14:40 of 2nd period - Kellan Lain wins face-off versus Tyler Haskins in neutral zone.
14:49 of 2nd period - Slapshot by Kellan Lain.
14:49 of 2nd period - Shot Blocked by Samuel Groulx.
15:13 of 2nd period - Snap shot by Patrick O'Sullivan.
15:13 of 2nd period - Deflect By Troy Brouwer.
15:13 of 2nd period - Shot Misses the Net.
15:13 of 2nd period - Puck is out of play.
15:14 of 2nd period - Patrick O'Sullivan wins face-off versus Riley Sheahan in Diables zone.
15:17 of 2nd period - Slapshot by Patrick O'Sullivan.
15:17 of 2nd period - Shot Misses the Net.
15:23 of 2nd period - Wrist shot by Kellan Lain.
15:23 of 2nd period - Stopped by Justin Pogge without a rebound.
15:24 of 2nd period - Riley Sheahan wins face-off versus Patrick O'Sullivan in Ice Dragons zone.
15:31 of 2nd period - Slapshot by Riley Sheahan.
15:31 of 2nd period - Stopped by Justin Pogge with a rebound.
15:33 of 2nd period - Slapshot by Pavel Valentenko.
15:33 of 2nd period - Shot Hit the Post.
15:35 of 2nd period - Slapshot by Pavel Valentenko.
15:35 of 2nd period - Shot Blocked by Alexander Urbom.
15:37 of 2nd period - Slapshot by Pavel Valentenko.
15:37 of 2nd period - Deflect By Riley Sheahan.
15:37 of 2nd period - Shot Misses the Net.
15:37 of 2nd period - Puck is out of play.
15:38 of 2nd period - Patrick O'Sullivan wins face-off versus Craig Smith in Ice Dragons zone.
16:09 of 2nd period - Slapshot by Lukas Krajicek.
16:09 of 2nd period - Deflect By Benn Ferriero.
16:09 of 2nd period - Stopped by Justin Pogge without a rebound.
16:10 of 2nd period - Riley Sheahan wins face-off versus Michael Latta in Ice Dragons zone.
16:21 of 2nd period - Slapshot by Kellan Lain.
16:21 of 2nd period - Shot Misses the Net.
17:02 of 2nd period - Wrist shot by Craig Smith.
17:02 of 2nd period - Shot Blocked by Troy Brouwer.
17:10 of 2nd period - Snap shot by Tyler Cuma.
17:10 of 2nd period - Deflect By Craig Smith.
17:10 of 2nd period - Stopped by Justin Pogge without a rebound.
17:11 of 2nd period - Brian Gionta wins face-off versus Riley Sheahan in Ice Dragons zone.
17:11 of 2nd period - Brian Gionta is hit by Tomas Kubalik.
17:24 of 2nd period - Snap shot by Troy Brouwer.
17:24 of 2nd period - Shot Misses the Net.
17:26 of 2nd period - Snap shot by Patrick O'Sullivan.
17:26 of 2nd period - Stopped by Marek Mazanek with a rebound.
17:36 of 2nd period - Riley Sheahan is hit by Ryan Reaves.
17:42 of 2nd period - Snap shot by Tyler Haskins.
17:42 of 2nd period - Shot Blocked by Brian Dumoulin.
18:03 of 2nd period - Minor Penalty to Logan MacMillan for Holding.
18:04 of 2nd period - Patrick O'Sullivan wins face-off versus Craig Smith in Ice Dragons zone.
18:12 of 2nd period - Slapshot by Tyler Cuma.
18:12 of 2nd period - Shot Misses the Net.
19:37 of 2nd period - Samuel Groulx is hit by Gabriel Landeskog and loses puck.
Goals for this period are 0 for Ice Dragons vs 2 for Diables.
Shots for this period are 5 for Ice Dragons vs 11 for Diables.
3rd period
0:01 of 3rd period - Patrick O'Sullivan wins face-off versus Craig Smith in neutral zone.
0:03 of 3rd period - Penalty to Logan MacMillan is over, Logan MacMillan is back on ice.
0:04 of 3rd period - Slapshot by Kevin Connauton.
0:04 of 3rd period - Stopped by Marek Mazanek with a rebound.
0:06 of 3rd period - Slapshot by Troy Brouwer.
0:06 of 3rd period - Stopped by Marek Mazanek with a rebound.
0:25 of 3rd period - Joe Callahan is hit by Riley Sheahan and loses puck.
0:48 of 3rd period - Slapshot by Troy Brouwer.
0:48 of 3rd period - Stopped by Marek Mazanek with a rebound.
1:10 of 3rd period - Snap shot by Brandon Kozun.
1:10 of 3rd period - Shot Blocked by Tyler Cuma.
1:12 of 3rd period - Snap shot by Michael Latta.
1:12 of 3rd period - Shot Blocked by Lukas Krajicek.
1:14 of 3rd period - Slapshot by Kevin Connauton.
1:14 of 3rd period - Stopped by Marek Mazanek with a rebound.
1:16 of 3rd period - Backhand shot by Joe Callahan.
1:16 of 3rd period - Shot Misses the Net.
1:36 of 3rd period - Snap shot by Tyler Cuma.
1:36 of 3rd period - Shot Misses the Net.
2:02 of 3rd period - Mark Fraser is hit by Ryan Reaves and loses puck.
2:10 of 3rd period - Icing by Pavel Valentenko.
2:11 of 3rd period - Michael Latta wins face-off versus Kyle Chipchura in Diables zone.
2:14 of 3rd period - Snap shot by Michael Latta.
2:14 of 3rd period - Stopped by Marek Mazanek without a rebound.
2:15 of 3rd period - Michael Latta wins face-off versus Craig Smith in Diables zone.
2:24 of 3rd period - Snap shot by Michael Latta.
2:24 of 3rd period - Stopped by Marek Mazanek with a rebound.
2:26 of 3rd period - Slapshot by Michael Latta.
2:26 of 3rd period - Goal by Michael Latta - Ice Dragons : 1 - Diables : 2.
2:27 of 3rd period - Craig Smith wins face-off versus Patrick O'Sullivan in neutral zone.
2:30 of 3rd period - Snap shot by Benn Ferriero.
2:30 of 3rd period - Shot Misses the Net.
2:32 of 3rd period - Wrist shot by Craig Smith.
2:32 of 3rd period - Stopped by Justin Pogge without a rebound.
2:33 of 3rd period - Patrick O'Sullivan wins face-off versus Craig Smith in Ice Dragons zone.
3:04 of 3rd period - Wrist shot by Brandon Prust.
3:04 of 3rd period - Shot Misses the Net.
3:10 of 3rd period - Slapshot by Kevin Connauton.
3:10 of 3rd period - Stopped by Marek Mazanek without a rebound.
3:11 of 3rd period - Tyler Haskins wins face-off versus Craig Smith in Diables zone.
3:26 of 3rd period - Snap shot by Ryan Reaves.
3:26 of 3rd period - Shot Misses the Net.
4:24 of 3rd period - Snap shot by Brandon Prust.
4:24 of 3rd period - Stopped by Justin Pogge with a rebound.
4:26 of 3rd period - Wrist shot by Kyle Chipchura.
4:26 of 3rd period - Stopped by Justin Pogge without a rebound.
4:27 of 3rd period - Kyle Chipchura wins face-off versus Tyler Haskins in Ice Dragons zone.
4:28 of 3rd period - Snap shot by Brandon Prust.
4:28 of 3rd period - Stopped by Justin Pogge with a rebound.
4:30 of 3rd period - Wrist shot by Brandon Prust.
4:30 of 3rd period - Stopped by Justin Pogge with a rebound.
4:32 of 3rd period - Snap shot by Kyle Chipchura.
4:32 of 3rd period - Shot Blocked by Tyler Haskins.
4:34 of 3rd period - Wrist shot by J.T. Brown.
4:34 of 3rd period - Shot Misses the Net.
4:42 of 3rd period - Snap shot by Brandon Prust.
4:42 of 3rd period - Shot Blocked by Kevin Connauton.
4:52 of 3rd period - Jordan LaVallee is hit by Mark Fraser.
5:30 of 3rd period - Wrist shot by Tyler Haskins.
5:30 of 3rd period - Shot Misses the Net.
5:32 of 3rd period - Slapshot by Ryan Reaves.
5:32 of 3rd period - Goal by Ryan Reaves - Ice Dragons : 2 - Diables : 2.
5:33 of 3rd period - Craig Smith wins face-off versus Patrick O'Sullivan in neutral zone.
5:46 of 3rd period - Snap shot by Craig Smith.
5:46 of 3rd period - Stopped by Justin Pogge with a rebound.
5:48 of 3rd period - Slapshot by Tyler Cuma.
5:48 of 3rd period - Shot Blocked by Alexander Urbom.
6:00 of 3rd period - Slapshot by J.T. Brown.
6:00 of 3rd period - Stopped by Justin Pogge with a rebound.
6:02 of 3rd period - Slapshot by Brandon Prust.
6:02 of 3rd period - Stopped by Justin Pogge without a rebound.
6:03 of 3rd period - Kyle Chipchura wins face-off versus Michael Latta in Ice Dragons zone.
6:08 of 3rd period - Slapshot by J.T. Brown.
6:08 of 3rd period - Shot Misses the Net.
6:10 of 3rd period - Slapshot by Mark Fraser.
6:10 of 3rd period - Deflect By Kevin Connauton.
6:10 of 3rd period - Stopped by Justin Pogge without a rebound.
6:11 of 3rd period - Michael Latta wins face-off versus Craig Smith in Ice Dragons zone.
6:19 of 3rd period - Off-side.
6:20 of 3rd period - Craig Smith wins face-off versus Patrick O'Sullivan in neutral zone.
6:27 of 3rd period - Backhand shot by Benn Ferriero.
6:27 of 3rd period - Shot Misses the Net.
6:33 of 3rd period - Slapshot by Kevin Connauton.
6:33 of 3rd period - Shot Misses the Net.
6:35 of 3rd period - Slapshot by Kevin Connauton.
6:35 of 3rd period - Shot Misses the Net.
6:45 of 3rd period - Benn Ferriero is hit by Michael Latta.
6:49 of 3rd period - Joe Callahan is hit by Gabriel Landeskog and loses puck.
7:33 of 3rd period - Brian Gionta is hit by Tomas Kubalik and loses puck.
7:53 of 3rd period - Minor Penalty to Troy Brouwer for Cross-checking.
7:54 of 3rd period - Riley Sheahan wins face-off versus Patrick O'Sullivan in Ice Dragons zone.
9:37 of 3rd period - Alexander Urbom is hit by Tyler Cuma and loses puck.
9:53 of 3rd period - Penalty to Troy Brouwer is over, Troy Brouwer is back on ice.
10:00 of 3rd period - Troy Brouwer is hit by Ben Hanowski and loses puck.
10:37 of 3rd period - Benn Ferriero is hit by Troy Brouwer and loses puck.
10:54 of 3rd period - Kevin Connauton is hit by Kyle Chipchura and loses puck.
11:33 of 3rd period - Tyler Haskins is hit by Vladislav Namestnikov and loses puck.
11:48 of 3rd period - Brandon Prust is hit by Logan MacMillan and loses puck.
13:02 of 3rd period - Snap shot by J.T. Brown.
13:02 of 3rd period - Shot Misses the Net.
13:17 of 3rd period - Minor Penalty to Brian Gionta for Holding.
13:18 of 3rd period - Patrick O'Sullivan wins face-off versus Riley Sheahan in Ice Dragons zone.
13:26 of 3rd period - Wrist shot by Kellan Lain.
13:26 of 3rd period - Goal by Kellan Lain - Ice Dragons : 2 - Diables : 3.
13:27 of 3rd period - Patrick O'Sullivan wins face-off versus Craig Smith in neutral zone.
14:25 of 3rd period - Icing by Patrick Davis.
14:26 of 3rd period - Michael Latta wins face-off versus Craig Smith in Ice Dragons zone.
14:33 of 3rd period - Snap shot by Petr Vrana.
14:33 of 3rd period - Shot Misses the Net.
14:35 of 3rd period - Slapshot by Patrick Davis.
14:35 of 3rd period - Deflect By Benn Ferriero.
14:35 of 3rd period - Stopped by Marek Mazanek with a rebound.
14:37 of 3rd period - Wrist shot by Michael Latta.
14:37 of 3rd period - Stopped by Marek Mazanek with a rebound.
14:39 of 3rd period - Snap shot by Petr Vrana.
14:39 of 3rd period - Stopped by Marek Mazanek with a rebound.
14:41 of 3rd period - Snap shot by Brandon Kozun.
14:41 of 3rd period - Stopped by Marek Mazanek with a rebound.
14:45 of 3rd period - Snap shot by Brandon Kozun.
14:45 of 3rd period - Stopped by Marek Mazanek with a rebound.
14:47 of 3rd period - Snap shot by Brandon Kozun.
14:47 of 3rd period - Shot Blocked by Pavel Valentenko.
14:49 of 3rd period - Snap shot by Michael Latta.
14:49 of 3rd period - Shot Misses the Net.
14:51 of 3rd period - Slapshot by Alexander Urbom.
14:51 of 3rd period - Stopped by Marek Mazanek with a rebound.
15:11 of 3rd period - Wrist shot by Michael Latta.
15:11 of 3rd period - Shot Misses the Net.
15:13 of 3rd period - Snap shot by Patrick Davis.
15:13 of 3rd period - Stopped by Marek Mazanek with a rebound.
15:15 of 3rd period - Snap shot by Brandon Kozun.
15:15 of 3rd period - Shot Blocked by Gabriel Landeskog.
15:17 of 3rd period - Slapshot by Michael Latta.
15:17 of 3rd period - Deflect By Petr Vrana.
15:17 of 3rd period - Stopped by Marek Mazanek with a rebound.
15:19 of 3rd period - Slapshot by Brandon Kozun.
15:19 of 3rd period - Stopped by Marek Mazanek with a rebound.
15:21 of 3rd period - Slapshot by Patrick Davis.
15:21 of 3rd period - Stopped by Marek Mazanek with a rebound.
15:23 of 3rd period - Slapshot by Patrick Davis.
15:23 of 3rd period - Stopped by Marek Mazanek without a rebound.
15:24 of 3rd period - Patrick O'Sullivan wins face-off versus Kyle Chipchura in Diables zone.
15:49 of 3rd period - Tomas Kubalik is hit by Jordan LaVallee and loses puck.
15:56 of 3rd period - Wrist shot by Riley Sheahan.
15:56 of 3rd period - Shot Blocked by Tyler Haskins.
15:58 of 3rd period - Snap shot by Tomas Kubalik.
15:58 of 3rd period - Shot Blocked by Kevin Connauton.
16:40 of 3rd period - Snap shot by J.T. Brown.
16:40 of 3rd period - Shot Misses the Net.
18:31 of 3rd period - Snap shot by Brandon Prust.
18:31 of 3rd period - Stopped by Justin Pogge without a rebound.
18:32 of 3rd period - Patrick O'Sullivan wins face-off versus Craig Smith in Ice Dragons zone.
18:47 of 3rd period - Snap shot by Craig Smith.
18:47 of 3rd period - Shot Misses the Net.
19:22 of 3rd period - Slapshot by Brandon Prust.
19:22 of 3rd period - Shot Blocked by Joe Callahan.
19:24 of 3rd period - Wrist shot by Brandon Prust.
19:24 of 3rd period - Shot Blocked by Joe Callahan.
19:26 of 3rd period - Wrist shot by Benn Ferriero.
19:26 of 3rd period - Deflect By Craig Smith.
19:26 of 3rd period - Shot Misses the Net.
19:26 of 3rd period - Puck is out of play.
19:27 of 3rd period - Darryl Sutter call a timeout for Ice Dragons.
19:27 of 3rd period - Craig Smith wins face-off versus Patrick O'Sullivan in Ice Dragons zone.
19:37 of 3rd period - Minor Penalty to Craig Smith for Roughing.
19:38 of 3rd period - Brandon Prust wins face-off versus Patrick O'Sullivan in Diables zone.
19:47 of 3rd period - Wrist shot by Kellan Lain.
19:47 of 3rd period - Shot Blocked by Joe Callahan.
19:53 of 3rd period - Ice Dragons, Justin Pogge is pulled from the net.
Goals for this period are 2 for Ice Dragons vs 1 for Diables.
Shots for this period are 20 for Ice Dragons vs 11 for Diables.
Back to the Top